 Dungeon Crawl Stone Soup version 0.17-a0-1837-g7c6a762 (webtiles) character file.

39 Blightor the Skirmisher (level 3, 0/29 HPs)
             Began as a Demonspawn Abyssal Knight on Sept 16, 2015.
             Was a Follower of Lugonu.
             Slain by an adder (1 damage)
             ... on level 2 of the Dungeon.
             The game lasted 00:07:32 (1680 turns).

Blightor the Skirmisher (Demonspawn Abyssal Knight) Turns: 1680, Time: 00:07:32

Health: 0/29       AC:  3    Str: 18      XL:     3   Next: 26%
Magic:  0/4        EV: 10    Int: 13      God:    Lugonu [*.....]
Gold:   75         SH:  5    Dex: 11 (14) Spells: 0 memorised, 2 levels left

rFire  . . .     SeeInvis .     a - +1 falchion
rCold  + . .     Clarity  .     b - +0 leather armour
rNeg   . . .     SustAt   .     p - +2 buckler
rPois  +         Gourm    .     (no helmet)
rElec  .         Spirit   +     (no cloak)
rCorr  .         Warding  .     (no gloves)
rMut   .         Stasis   +     (no boots)
MR     .....                    r - amulet of stasis
Stlth  +.........               q - ring of protection from cold
                                k - ring of poison resistance

@: mighty, very heavily drained, not resistant to hostile enchantments, very
unstealthy
A: thin skeletal structure 1, magic shield
a: Depart the Abyss, Renounce Religion


You were on level 2 of the Dungeon.
You worshipped Lugonu.
Lugonu was aware of your devotion.
You were hungry.

You visited 1 branch of the dungeon, and saw 2 of its levels.
You visited the Abyss 1 time.

You collected 75 gold pieces.

Inventory:

Hand weapons
 a - a +1 falchion (weapon)
Armour
 b - a +0 leather armour (worn)
 i - a +0 pair of gloves
 p - a +2 buckler (worn)
Jewellery
 k - a ring of poison resistance (left hand)
 n - an uncursed ring of see invisible
 q - a ring of protection from cold (right hand)
 r - an amulet of stasis (around neck)
Scrolls
 m - a scroll of immolation {unknown}
 o - a scroll of noise {unknown}
 t - a scroll of remove curse {unknown}
Potions
 s - a potion of heal wounds {unknown}
Comestibles
 c - 2 bread rations
 d - 2 meat rations
 f - a beef jerky
 l - 2 fruits


   Skills:
 + Level 3.6(0.0) Fighting
 + Level 2.1(0.0) Long Blades
 + Level 2.1(0.0) Armour
 - Level 1.0(0.0) Dodging
 * Level 0.3(0.0) Shields
 + Level 2.6(0.0) Invocations


You had 2 spell levels left.
You didn't know any spells.

Dungeon Overview and Level Annotations

Branches:
Dungeon (2/15)

Altars:

Annotations:
D:2 Ijyb


Innate Abilities, Weirdness & Mutations

You have a somewhat thin skeletal structure (Dex +2, Stealth).
When hurt, damage is shared between your health and your magic reserves.


Message History

Ijyb hits you with a dagger of draining.
* * * LOW HITPOINT WARNING * * *
You feel drained. The adder bites you.
* * * LOW HITPOINT WARNING * * *
You closely miss the adder. Ijyb misses you. The adder closely misses you.
Ijyb barely misses you. You block the adder's attack.
You miss the adder. The adder bites you but does no damage.
Ijyb hits you with a dagger of draining.
* * * LOW HITPOINT WARNING * * *
You feel drained.
A goblin comes into view. It is wielding a dagger.
You closely miss the adder.
The goblin shouts!
The adder barely misses you. Ijyb hits you but does no damage.
You feel drained. The adder closely misses you.
You slash Ijyb!
Ijyb is almost dead.
The adder bites you but does no damage. Ijyb closely misses you.
The adder bites you.
You die...

...........................
####.................#.....
###.##.#.#..#####.#...##
#.##)#.....####.#..##
#.##.###...........#
#.....###..........#
####....#....÷)....##
..#######...............
......S@g..g....#.##....
....#####.#..#.##.# .## .
.....##.#.......#
..##..gh............
#...................
#####..$............
#.†...........!.
...........#.##%..
.?....)..<..##.# ...


You could see Ijyb, an adder and a goblin.

Vanquished Creatures
  A worm (D:2)
  4 giant cockroaches
  6 goblins
  5 hobgoblins
  4 jackals (D:2)
  2 quokkas (D:2)
  A ball python (D:1)
  2 giant newts
  2 kobolds (D:1)
  5 rats
32 creatures vanquished.

Notes
Turn   | Place    | Note
--------------------------------------------------------------
     0 | Abyss:1  | Blightor the Demonspawn Abyssal Knight began the quest for the Orb.
     0 | Abyss:1  | Reached XP level 1. HP: 18/18 MP: 2/2
   195 | Abyss:1  | Noticed a neqoxec
   197 | D:1      | Escaped the Abyss
   340 | D:1      | Acquired Lugonu's first power
   340 | D:1      | Gained mutation: When hurt, damage is shared between your health and your magic reserves. [demonic ancestry]
   340 | D:1      | Reached XP level 2. HP: 18/24 MP: 3/3
  1290 | D:2      | Reached skill level 1 in Dodging
  1611 | D:2      | Gained mutation: You have a somewhat thin skeletal structure (Dex +2, Stealth). [demonic ancestry]
  1611 | D:2      | Reached XP level 3. HP: 24/29 MP: 4/4
  1620 | D:2      | Noticed Ijyb
  1678 | D:2      | HP: 1/29 [Ijyb/dagger of draining (2)]
  1680 | D:2      | Slain by an adder

Vault maps used:
D:1:      scummos_arrival_forest, hangedman_decor_points
D:2:      first_bread, uniq_iyjb
Abyss:1:  evilmike_abyss_exit_2, evilmike_abyss_exit_3

Action                   || total
-------------------------++-------
Melee: Falchion          ||   130
Invok: Depart the Abyss  ||     1
  Use: Potion            ||     4
  Eat: Chunk             ||     2
